 Dungeon Crawl Stone Soup version 0.21-a0-442-g848f44b (webtiles) character file.

2621 Ijustatesigmund the Basher (level 9, 0/62 HPs)
             Began as an Octopode Artificer on Nov 15, 2017.
             Succumbed to a worker ant's poison
             ... on level 6 of the Dungeon on Nov 16, 2017.
             The game lasted 00:24:33 (8246 turns).

Ijustatesigmund the Basher (Octopode Artificer)     Turns: 8246, Time: 00:24:33

Health: 0/62       AC:  1    Str: 11    XL:     9   Next: 60%
Magic:  8/11       EV: 19    Int: 14    God:
Gold:   393        SH:  7    Dex: 20    Spells: 5/8 levels left

rFire    . . .     SeeInvis .   l - +0 morningstar (protect)
rCold    . . .     Gourm    .   h - +1 buckler
rNeg     + . .     Faith    .   (helmet restricted)
rPois    .         Spirit   .   (no amulet)
rElec    .         Reflect  .   o - ring of positive energy
rCorr    .         Harm     .   m - ring of wizardry
MR       .....                  (no ring)
Stlth    ++++++....             (no ring)
HPRegen  0.20/turn              (no ring)
MPRegen  0.12/turn              (no ring)
                                (no ring)
                                (no ring)

@: agile, lethally poisoned (0 -> -2), flying
A: almost no armour, stealthy swim, amphibious, 8 rings, constrict 8, camouflage
1, gelatinous body 1
a: no special abilities


You were on level 6 of the Dungeon.
You were not hungry.

You visited 2 branches of the dungeon, and saw 9 of its levels.

You collected 393 gold pieces.

Inventory:

Hand Weapons
 e - a +1 flail of holy wrath
 l - a +0 morningstar of protection (weapon)
Armour
 h - a +1 buckler (worn)
 y - a +0 shield
Jewellery
 m - a ring of wizardry (right tentacle)
 o - a ring of positive energy (left tentacle)
Wands
 b - a wand of flame (6/48)
 c - a wand of enslavement (0/24)
 d - a wand of random effects (13/48)
 w - a wand of flame (36/48)
 A - a wand of polymorph (11/24)
Scrolls
 a - a scroll of amnesia
 i - 2 scrolls of silence
 s - 6 scrolls of remove curse
 t - a scroll of fog
Potions
 j - a potion of magic {unknown}
 p - a potion of flight
 r - a potion of resistance {unknown}
 v - a potion of agility
 x - a potion of might
Books
 k - a book of Changes

   Spells                             Type                      Level
   a - Beastly Appendage              Transmutation                1
   b - Sticks to Snakes               Transmutation                2
   c - Spider Form                    Transmutation/Poison         3
   d - Ice Form                       Ice/Transmutation            4
   e - Blade Hands                    Transmutation                5
 n - a book of Minor Magic

   Spells                             Type                      Level
   a - Magic Dart                     Conjuration                  1
   b - Blink                          Translocation                2
   c - Call Imp                       Summoning                    2
   d - Slow                           Hexes                        2
   e - Conjure Flame                  Conjuration/Fire             3
   f - Mephitic Cloud                 Conjuration/Poison/Air       3
 u - a book of Air

   Spells                             Type                      Level
   a - Shock                          Conjuration/Air              1
   b - Swiftness                      Charms/Air                   2
   c - Static Discharge               Conjuration/Air              3
   d - Airstrike                      Air                          4
   e - Lightning Bolt                 Conjuration/Air              5
Comestibles
 f - 4 bread rations
 g - 3 meat rations
 q - 3 fruits
 z - 4 chunks of flesh


   Skills:
 + Level 6.2 Fighting
   Level 1.0 Short Blades
 + Level 8.2 Maces & Flails
 - Level 2.0 Dodging
 - Level 6.0 Stealth
 - Level 4.0 Shields
 - Level 4.1 Translocations
 - Level 3.2 Evocations


You had 5 spell levels left.
You knew the following spells:

 Your Spells              Type           Power        Failure   Level  Hunger
a - Magic Dart            Conj           #...         12%         1    ##.....
b - Blink                 Tloc           N/A          3%          2    ###....


Dungeon Overview and Level Annotations

Branches:
Dungeon (8/15)             Temple (1/1) D:7
   Lair: D:8-11

Altars:
Ashenzari
Dithmenos
Elyvilon
Fedhas
Gozag
Hepliaklqana
Kikubaaqudgha
Makhleb
Nemelex Xobeh
Qazlal
Ru
Sif Muna
Trog
Uskayaw
Vehumet
Wu Jian
Xom
Yredelemnul
Zin
The Shining One
Lugonu

Annotations:
D:8 theanonym's ghost, novice MfTm


Innate Abilities, Weirdness & Mutations

You cannot wear most types of armour.
You are very stealthy in the water. (Stealth+)
You are amphibious.
You can wear up to eight rings at the same time.
You can use your tentacles to constrict eight enemies at once.
Your skin changes colour to match your surroundings (Stealth+).
Your rubbery body absorbs attacks. (AC +1, EV +1)


Message History

You block the worker ant's attack.
There is a stone staircase leading up here.
* * * LOW HITPOINT WARNING * * *
You feel sick. The worker ant closely misses you.
You climb upwards.
* * * LOW HITPOINT WARNING * * *
You feel sick.
There is a stone staircase leading down here.
Casting: Blink
Confirm with . or Enter, or press ? or * to list all spells.
You blink.
Evoke which item? (* to show all) (? for menu, Esc to quit)
Aiming: Random Effects
Press: ? - help, Shift-Dir - straight line, f - worker ant
Aim: a worker ant
Okay, then.
It was a potion of flight.
You feel very buoyant.
You fly up into the air.
You die...

...............##########........
...........<....#............####
...............................##
................................#
................................#
.................................
.................................
##...............................
##.............@................
##.........................<....
#...............................
##.......ยง......................
##........a..............^.....
##............................
##....#.....................#
##...##..................###
#...###................##


You could see a worker ant.

Vanquished Creatures
  A wyvern (D:8)
  Edmund (D:4)
  2 phantoms
  An ice beast (D:6)
  4 ogres
  5 centaurs
  4 bullfrogs
  A killer bee (D:8)
  A centaur zombie (D:7)
  4 hounds
  4 orc priests
  A jelly (D:5)
  A gnoll shaman (D:5)
  9 orc wizards
  A bullfrog skeleton (D:6)
  A centaur skeleton (D:5)
  7 worker ants
  A hound skeleton (D:8)
  A gnoll (D:5)
  10 adders
  A shadow imp (D:6)
  3 oozes
  An adder skeleton (D:5)
  3 worms
  3 dart slugs
  2 leopard geckos
  27 orcs
  7 bats
  2 giant cockroaches
  7 goblins
  6 hobgoblins
  9 jackals
  7 kobolds
  6 quokkas
  A ball python (D:7)
  3 frilled lizards
  A jackal skeleton (D:4)
  A leopard gecko skeleton (D:7)
  A quokka zombie (D:6)
  9 rats
160 creatures vanquished.

Vanquished Creatures (collateral kills)
  A howler monkey (D:4)
  An orc wizard (D:5)
  A worker ant (D:5)
  A gnoll (D:5)
  5 orcs
  A bat (D:3)
10 creatures vanquished.

Vanquished Creatures (others)
  An orc warrior (D:8)
  An orc priest (D:4)
  A gnoll (D:5)
  2 adders (D:3)
  A bat (D:3)
6 creatures vanquished.

Grand Total: 176 creatures vanquished

Notes
Turn   | Place    | Note
-------+----------+-------------------------------------------
     0 | D:1      | Ijustatesigmund the Octopode Artificer began the quest for the Orb.
     0 | D:1      | Reached XP level 1. HP: 13/13 MP: 3/3
   125 | D:1      | Reached XP level 2. HP: 17/19 MP: 4/4
   744 | D:2      | Reached XP level 3. HP: 25/25 MP: 5/5
   797 | D:2      | Reached skill level 1 in Shields
   947 | D:2      | Reached XP level 4. HP: 30/31 MP: 6/6
  1271 | D:2      | You fall through a shaft for 2 floors!
  1311 | D:4      | Reached XP level 5. HP: 8/37 MP: 7/7
  1637 | D:4      | Noticed Edmund
  1777 | D:3      | Reached skill level 1 in Maces & Flails
  1780 | D:3      | Learned a level 1 spell: Magic Dart
  1783 | D:3      | Learned a level 2 spell: Blink
  2438 | D:3      | Reached XP level 6. HP: 28/43 MP: 8/8
  2707 | D:3      | Found a burning altar of Makhleb.
  2707 | D:3      | Noticed an Executioner
  2710 | D:3      | Noticed an orange demon
  2710 | D:3      | Noticed an orange demon
  2999 | D:4      | Killed Edmund
  2999 | D:4      | Reached skill level 2 in Maces & Flails
  2999 | D:4      | Reached skill level 1 in Translocations
  3170 | D:4      | Reached skill level 3 in Maces & Flails
  3170 | D:4      | Reached XP level 7. HP: 49/49 MP: 9/9
  4177 | D:4      | Reached skill level 5 in Fighting
  4177 | D:4      | Reached skill level 4 in Maces & Flails
  4504 | D:5      | Entered Level 5 of the Dungeon
  4504 | D:5      | Found a basalt altar of Yredelemnul.
  4519 | D:5      | Reached XP level 8. HP: 44/55 MP: 10/10
  4782 | D:5      | Found an ornate altar of the Wu Jian Council.
  5868 | D:5      | Reached skill level 5 in Maces & Flails
  6196 | D:6      | Found a radiant altar of Vehumet.
  6270 | D:6      | Found an ancient bone altar of Kikubaaqudgha.
  6271 | D:6      | Found a deep blue altar of Sif Muna.
  6273 | D:6      | Found a stormy altar of Qazlal.
  6636 | D:6      | Found a blossoming altar of Fedhas.
  6638 | D:6      | Found a bloodstained altar of Trog.
  6638 | D:6      | Found a glowing golden altar of the Shining One.
  6639 | D:6      | Found an opulent altar of Gozag.
  6756 | D:6      | Reached skill level 5 in Stealth
  7003 | D:6      | Reached XP level 9. HP: 62/62 MP: 11/11
  7244 | D:7      | Reached skill level 6 in Maces & Flails
  7320 | D:7      | Found a hazy altar of Hepliaklqana.
  7330 | D:7      | You fall through a shaft!
  7339 | D:8      | Noticed theanonym's ghost (novice MfTm)
  7370 | D:8      | HP: 3/62 [orc warrior/glaive (25)]
  7378 | D:8      | Reached skill level 7 in Maces & Flails
  7668 | D:7      | Found a staircase to the Ecumenical Temple.
  7700 | Temple   | Entered the Ecumenical Temple
  8116 | D:7      | Reached skill level 8 in Maces & Flails
  8240 | D:7      | HP: 3/62 [poisoned by a worker ant]
  8244 | D:6      | HP: 1/62 [poisoned by a worker ant]
  8246 | D:6      | Succumbed to a worker ant's poison

Vault maps used:
D:1:      dpeg_arrival_concentric_ovals
D:3:      makhleb_altar_promises_db, minmay_misc_feat_pillars
D:4:      uniq_edmund
D:5:      lemuel_doored_altar, basic_altar, first_bread, serial_bayou_pond_b
D:6:      kennysheep_big_flooded_room, grunt_temple_overflow_open, basic_altar
D:7:      kennysheep_mini_moat, temple_statues
D:8:      lemuel_round_altar
Temple:   corrupted_temple

Skill      XL: |  1  2  3  4  5  6  7  8  9 |
---------------+----------------------------+-----
Fighting       | 2 3 4 5 6 |  6.2
Shields        | 1 2 3 4 |  4.0
Maces & Flails | 1 3 4 5 8 |  8.2
Translocations | 1 2 4 |  4.1
Stealth        | 6 |  6.0
Short Blades   | |  1.0
Dodging        | |  2.0
Evocations     | |  3.2

Action                   |  1- 3 |  4- 6 |  7- 9 || total
-------------------------+-------+-------+-------++-------
Melee: Short sword       |     5 |       |       ||     5
       Dagger            |    55 |    24 |       ||    79
       Constrict         |    14 |    26 |    49 ||    89
       Tentacles         |    14 |     9 |    38 ||    61
       Morningstar       |       |    81 |   241 ||   322
       Flail             |       |       |    19 ||    19
 Cast: Blink             |       |       |     3 ||     3
       Magic Dart        |       |       |     3 ||     3
Evoke: Wand              |       |    16 |    10 ||    26
  Use: Scroll            |     5 |     3 |     9 ||    17
       Potion            |       |     1 |    11 ||    12
 Stab: Sleeping          |     6 |     6 |    15 ||    27
       Distracted        |       |     1 |       ||     1
       Betrayed ally     |       |       |     1 ||     1
       Invisible         |       |       |     2 ||     2
  Eat: Bread ration      |     1 |       |       ||     1
       Chunk             |       |     5 |    15 ||    20
       Royal jelly       |       |     1 |       ||     1
       Fruit             |       |       |     2 ||     2
Armor: Skin              |     7 |    20 |    59 ||    86
Dodge: Dodged            |    29 |   103 |   185 ||   317
Block: Buckler           |     9 |    33 |    59 ||   101

Table legend:
 A = Spawn XP
 B = Non-spawn XP
 C = Spawn XP percentage of total XP
 D = Spawn monster count
 E = Non-spawn monster count
 F = Spawn count percentage of total count
 G = Total turns spent on level
                    A         B        C        D         E        F      G
               +---------+---------+-------+---------+---------+-------+---------
         Total |       0 |    3745 |   0.0 |       0 |     171 |   0.0 |  8246
               +---------+---------+-------+---------+---------+-------+---------
           D:1 |       0 |      29 |   0.0 |       0 |      14 |   0.0 |   656
           D:2 |       0 |     143 |   0.0 |       0 |      26 |   0.0 |   840
           D:3 |       0 |     100 |   0.0 |       0 |      27 |   0.0 |   969
           D:4 |       0 |     841 |   0.0 |       0 |      25 |   0.0 |  2235
           D:5 |       0 |     638 |   0.0 |       0 |      22 |   0.0 |  1463
           D:6 |       0 |     703 |   0.0 |       0 |      20 |   0.0 |  1024
           D:7 |       0 |     653 |   0.0 |       0 |      23 |   0.0 |   822
           D:8 |       0 |     638 |   0.0 |       0 |      14 |   0.0 |   100
               +---------+---------+-------+---------+---------+-------+---------
